 Dungeon Crawl Stone Soup version 0.17.1-1-g73c8601 (webtiles) character file.

261 penguinsfan71 the Grave Robber (level 5, -1/36 HPs)
             Began as a Vampire Necromancer on Dec 23, 2015.
             Was a Follower of Vehumet.
             Slain by a giant frog (3 damage)
             ... on level 4 of the Dungeon.
             The game lasted 00:18:47 (3245 turns).

penguinsfan71 the Grave Robber (VpNe)               Turns: 3245, Time: 00:18:47

Health: -1/36      AC:  2    Str:  7    XL:     5   Next: 96%
Magic:  2/10       EV: 13    Int: 18    God:    Vehumet [*.....]
Gold:   152        SH:  0    Dex: 15    Spells: 4 memorised, 2 levels left

rFire  . . .     SeeInvis +     y - +1 trident (pain)
rCold  . . .     Clarity  .     a - +0 robe
rNeg   + . .     SustAt   .     (no shield)
rPois  .         Gourm    .     (no helmet)
rElec  .         Spirit   .     (no cloak)
rCorr  .         Warding  .     (no gloves)
rMut   .         Stasis   .     (no boots)
MR     .....                    (no amulet)
Stlth  +++.......               (no ring)
                                (no ring)

@: not resistant to hostile enchantments, fairly stealthy
A: fangs 3, see invisible, unbreathing
a: Bat Form, Renounce Religion


You were on level 4 of the Dungeon.
You worshipped Vehumet.
Vehumet was aware of your devotion.
You were not thirsty.

You visited 1 branch of the dungeon, and saw 4 of its levels.

You collected 152 gold pieces.

Inventory:

Hand Weapons
 h - a +0 whip
 p - a +0 trident
 y - a +1 trident of pain (weapon)
Missiles
 d - 6 arrows of frost
 i - 75 arrows
 l - 14 poisoned bolts
 m - 30 poisoned needles
 v - 8 bolts
Armour
 a - a +0 robe (worn)
 w - a +0 robe
Scrolls
 e - a scroll of random uselessness {unknown}
 j - 2 scrolls of teleportation {unknown}
 n - 3 scrolls of identify {unknown}
 t - 3 scrolls of magic mapping {unknown}
 u - a scroll of amnesia {unknown}
 z - a scroll of fog {unknown}
Potions
 c - 11 potions of blood
 f - a potion of curing {unknown}
 g - a potion of haste {unknown}
 k - a potion of cancellation {unknown}
 o - a potion of magic {unknown}
 r - 2 potions of heal wounds {unknown}
 s - a potion of cure mutation {unknown}
 x - a potion of might {unknown}
Books
 b - a book of Necromancy

   Spells                             Type                      Level
   a - Pain                           Necromancy                   1
   b - Animate Skeleton               Necromancy                   1
   c - Vampiric Draining              Necromancy                   3
   d - Regeneration                   Charms/Necromancy            3
   e - Animate Dead                   Necromancy                   4
   f - Control Undead                 Necromancy                   4
 q - a book of Clouds

   Spells                             Type                      Level
   a - Mephitic Cloud                 Conjuration/Poison/Air       3
   b - Conjure Flame                  Conjuration/Fire             3
   c - Poisonous Cloud                Conjuration/Poison/Air       6
   d - Freezing Cloud                 Conjuration/Ice/Air          6
   e - Ring of Flames                 Charms/Fire                  7


   Skills:
 + Level 0.5 Fighting
 + Level 2.5 Dodging
 + Level 3.9 Stealth
 + Level 3.9 Spellcasting
 + Level 0.4 Conjurations
 + Level 6.0 Necromancy
 + Level 0.1 Fire Magic


You had 2 spell levels left.
You knew the following spells:

 Your Spells              Type           Power        Failure   Level  Hunger
a - Pain                  Necr           ####         1%          1    None
b - Control Undead        Necr           ####......   14%         4    ####...
c - Conjure Flame         Conj/Fire      #.......     43%         3    ###....
d - Sting                 Conj/Pois      #...         14%         1    None


Dungeon Overview and Level Annotations

Branches:
Dungeon (4/15)
 Temple: D:4-7

Altars:
Qazlal
Vehumet
Zin


Innate Abilities, Weirdness & Mutations

You have razor-sharp teeth.
You have supernaturally acute eyesight.
You can survive without breathing.


Message History

The orc wizard blinks!
The giant frog barely misses you.
You closely miss the giant frog.
The giant frog is moderately wounded.
The giant frog hits you. x2
You don't have enough magic at the moment.
You don't have enough magic at the moment.
You don't have enough magic at the moment.
The giant frog closely misses you. The giant frog hits you.
* * * LOW HITPOINT WARNING * * *
The giant frog hits you.
* * * LOW HITPOINT WARNING * * *
Okay, then.
The giant frog hits you.
* * * LOW HITPOINT WARNING * * *
The giant frog barely misses you. The giant frog closely misses you.
The giant frog hits you but does no damage.
The giant frog hits you.
You die...

######.##..# #.##..# ...
. #'##..# ..####.#.#
...#..# #.#..#.#.##
...#..# #.#.........
....#..# #.#......[..
....#..# ###.#........#
##..#####.%.........[#
#.....F@>...#..##....#
###.#####.#..........# #
#........^#.##.##....#.#
#.#.#######.##.#......[#
#.#.#######.##......##
#.#....%....####....####
#.........### ##.......
#......... ........###
#........ ####.#..###


You could see a giant frog.

Vanquished Creatures
  3 orc wizards
  An orc priest (D:3)
  A worker ant (D:4)
  An iguana (D:4)
  3 gnolls (D:4)
  2 adders
  2 worms
  10 orcs
  A ball python (D:1)
  2 giant cockroaches
  4 hobgoblins
  6 kobolds
  A quokka (D:4)
  3 bats
  2 giant newts (D:1)
  2 goblins
  6 jackals
  5 rats (D:1)
55 creatures vanquished.

Vanquished Creatures (others)
  A quokka (D:3)
  A bat (D:3)
2 creatures vanquished.

Grand Total: 57 creatures vanquished

Notes
Turn   | Place    | Note
--------------------------------------------------------------
     0 | D:1      | penguinsfan71 the Vampire Necromancer began the quest for the Orb.
     0 | D:1      | Reached XP level 1. HP: 13/13 MP: 3/3
   331 | D:1      | Reached XP level 2. HP: 19/19 MP: 3/5
   553 | D:1      | Reached skill level 5 in Necromancy
   960 | D:2      | Found a radiant altar of Vehumet.
   970 | D:2      | Became a worshipper of Vehumet
  1110 | D:2      | Found a glowing silver altar of Zin.
  1364 | D:2      | Reached XP level 3. HP: 21/24 MP: 2/6
  2012 | D:3      | Reached XP level 4. HP: 20/30 MP: 3/7
  2255 | D:3      | Learned a level 4 spell: Control Undead
  2259 | D:3      | Learned a level 3 spell: Conjure Flame
  2508 | D:3      | Reached XP level 5. HP: 29/35 MP: 1/9
  2702 | D:3      | Found a stormy altar of Qazlal.
  2894 | D:4      | Reached * piety under Vehumet
  2894 | D:4      | Offered knowledge of Sting by Vehumet.
  2969 | D:4      | Learned a level 1 spell: Sting
  3032 | D:4      | Reached skill level 6 in Necromancy
  3238 | D:4      | HP: 1/36 [giant frog (4)]
  3245 | D:4      | Slain by a giant frog

Action                   |  1- 3 |  4- 6 || total
-------------------------+-------+-------++-------
Melee: Whip              |     5 |       ||     5
       Trident           |       |    23 ||    23
 Cast: Pain              |    54 |    48 ||   102
       Conjure Flame     |       |     2 ||     2
  Use: Potion            |     2 |     4 ||     6
  Eat: Corpse            |     1 |       ||     1
